 Dungeon Crawl Stone Soup version 0.30.1-11-g7821555f0a (webtiles) character file.

Game seed: 15944791866886094367

167 SacredBeard the Grave Robber (level 5, -3/37 HPs)
             Began as a Demonspawn Necromancer on Nov 3, 2023.
             Slain by an ogre
             ... wielding a +0 giant spiked club
              (21 damage)
             ... on level 4 of the Dungeon.
             The game lasted 00:10:43 (3024 turns).

SacredBeard the Grave Robber (DsNe)                 Turns: 3024, Time: 00:10:43

Health: -3/37      AC:  8    Str:  9    XL:     5   Next: 23%
Magic:  2/8        EV:  8    Int: 16    God:
Gold:   207        SH:  0    Dex: 15    Spells: 8/9 levels left

rFire   . . .        m - +2 short sword (drain)
rCold   . . .        (no shield)
rNeg    . . .        s - +1 scale mail {rPois}
rPois   +            (no helmet)
rElec   .            p - scarf {shadows}
rCorr   .            (no gloves)
SInv    +            v - +0 pair of boots
Will    .....        (no amulet)
Stlth   +            e - +4 ring of slaying
HPRegen 0.26/turn    o - ring of see invisible
MPRegen 0.11/turn

%: no passive effects
@: very slightly contaminated
A: hooves 2, foul stench 1
a: no special abilities


You were on level 4 of the Dungeon.
You visited 1 branch of the dungeon, and saw 4 of its levels.

You collected 207 gold pieces.

Inventory:

Hand Weapons
 m - a +2 short sword of draining (weapon)
 q - a +0 long sword
Armour
 p - a scarf of shadows (worn)
 s - a +1 scale mail of poison resistance (worn)
 v - a +0 pair of boots (worn)
Jewellery
 e - a +4 ring of slaying (left hand)
 l - a ring of fire
 o - a ring of see invisible (right hand)
Scrolls
 a - a scroll of noise {unknown}
 d - 2 scrolls of brand weapon {unknown}
 n - a scroll of enchant weapon {unknown}
 u - a scroll of poison {unknown}
Potions
 b - a potion of magic
 c - a potion of might {unknown}
 f - a potion of resistance {unknown}
 g - a potion of invisibility {unknown}
 h - a potion of degeneration {unknown}
 i - a potion of berserk rage {unknown}
 j - 3 potions of lignification {unknown}
 k - 4 potions of curing {unknown}
 r - 2 potions of heal wounds {unknown}
 t - a potion of haste {unknown}


   Skills:
 + Level 1.6 Fighting
 + Level 1.2 Long Blades
 + Level 1.3 Armour
 + Level 2.5 Dodging
 + Level 2.5 Stealth
 + Level 2.6 Spellcasting
 + Level 4.9 Necromancy


You had 8 spell levels left.
You knew the following spells:

 Your Spells              Type           Power      Damage    Failure   Level
a - Necrotise             Necr           68%        1d7       21%         1

Your spell library contained the following spells:

 Spells                   Type           Power      Damage    Failure   Level
 Vampiric Draining        Necr           17%        2d7       52%         3
 Animate Dead             Necr           17%        N/A       90%         4
 Agony                    Necr           17%        N/A       99%         5


Dungeon Overview and Level Annotations

Branches:
Dungeon (4/15) Zot: 20965
 Temple: D:4-7

Altars:
Gozag

Shops:
D:3 ((

Annotations:
D:3 3 runed translucent doors, lambdanil's ghost, amateur DjFE
D:4 1 runed translucent door, Crazy Yiuf


Innate Abilities, Weirdness & Mutations

You have hoof-like feet.
You may rarely emit foul miasma when damaged in melee.


Message History

The quokka is severely wounded.
The quokka bites you but does no damage.
Casting: Necrotise (safe; 21% risk of failure)
Confirm with . or Enter, or press ? or * to list all spells.
Aiming: Necrotise (safe; 21% risk of failure)
Press: ? - help, Shift-Dir - straight line, f - quokka
Aim: a quokka (severely wounded, chance to affect: 87%)
You miscast Necrotise.
You are very lightly contaminated with residual magic.
Nothing appears to happen.
The quokka closely misses you. x2
The quokka attacks as you move away! The quokka bites you.
Casting: Necrotise (safe; 21% risk of failure)
Confirm with . or Enter, or press ? or * to list all spells.
Aiming: Necrotise (safe; 21% risk of failure)
Press: ? - help, Shift-Dir - straight line, f/p - quokka
Aim: a quokka (severely wounded, chance to affect: 87%)
The quokka barely resists.
The quokka barely misses you.
Casting: Necrotise (safe; 21% risk of failure)
Confirm with . or Enter, or press ? or * to list all spells.
Aiming: Necrotise (safe; 21% risk of failure)
Press: ? - help, Shift-Dir - straight line, f/p - quokka
Aim: a quokka (severely wounded, chance to affect: 87%)
You miscast Necrotise.
Nothing appears to happen.
The quokka bites you.
Casting: Necrotise (safe; 21% risk of failure)
Confirm with . or Enter, or press ? or * to list all spells.
Aiming: Necrotise (safe; 21% risk of failure)
Press: ? - help, Shift-Dir - straight line, f/p - quokka
Aim: a quokka (severely wounded, chance to affect: 87%)
You miscast Necrotise.
Nothing appears to happen.
The quokka barely misses you. The quokka completely misses you.
You puncture the quokka!
You kill the quokka!
A hobgoblin comes into view.
The ogre attacks as you move away!
The ogre hits you with a +0 giant spiked club!
The hobgoblin barely misses you. The ogre attacks as you move away!
The ogre hits you with a +0 giant spiked club!!
Ouch! That really hurt!
You die...

##### #...# #.#.# #O#.#
#.#†# #######
#.#.###########.....#####
#.#.....O@......§§...§..##
#.#......g....≈§§≈≈≈≈≈§...
#.#...........≈.§§§§.§≈...
#.#.#########.≈.≈≈≈.≈.≈...
#.#.# #..≈.≈...≈.≈.##
#.#.. #....≈._.≈.≈.#.
#†### #..≈.≈...≈.≈.#. ...
≈≈≈≈.≈... ..### ...≈...


You could see an ogre and a hobgoblin.

Vanquished Creatures
  A jelly (D:3)
  Natasha (D:4)
  3 adders
  A white imp (D:4)
  3 dart slugs
  8 orcs
  6 ball pythons
  5 bats
  2 endoplasms
  2 giant cockroaches
  6 hobgoblins
  6 jackals (D:4)
  4 kobolds
  2 quokkas
  3 frilled lizards
  4 goblins
  3 rats
60 creatures vanquished.

Vanquished Creatures (collateral kills)
  An orc (D:4)
  A hobgoblin (D:3)
2 creatures vanquished.

Grand Total: 62 creatures vanquished

Notes
Turn   | Place    | Note
-------+----------+-------------------------------------------
     0 | D:1      | SacredBeard the Demonspawn Necromancer began the quest for
                  | the Orb.
     0 | D:1      | Reached XP level 1. HP: 13/13 MP: 3/3
   377 | D:1      | Gained mutation: You have large cloven feet. [demonic
                  | ancestry]
   377 | D:1      | Reached XP level 2. HP: 20/20 MP: 5/5
   997 | D:2      | Gained mutation: You have hoof-like feet. [demonic
                  | ancestry]
   997 | D:2      | Reached XP level 3. HP: 25/25 MP: 2/6
  1279 | D:2      | Reached skill level 1 in Fighting
  1734 | D:3      | Reached skill level 1 in Armour
  1734 | D:3      | Reached XP level 4. HP: 32/32 MP: 3/7
  1870 | D:3      | Noticed a phantom
  1880 | D:3      | Found a runed translucent gate.
  1881 | D:3      | Found a runed translucent gate.
  1882 | D:3      | Found a runed translucent gate.
  1889 | D:3      | Noticed lambdanil's ghost (amateur DjFE)
  2037 | D:3      | Found Waotoucw's Antique Weapon Emporium.
  2166 | D:3      | Found Difunug's Antique Weapon Shoppe.
  2598 | D:4      | Reached skill level 1 in Long Blades
  2872 | D:4      | Found a runed translucent door.
  2873 | D:4      | Noticed Crazy Yiuf
  2888 | D:4      | Found an opulent altar of Gozag.
  2970 | D:4      | Noticed Natasha
  2981 | D:4      | Gained mutation: You may rarely emit foul miasma when
                  | damaged in melee. [demonic ancestry]
  2981 | D:4      | Reached XP level 5. HP: 34/37 MP: 2/8
  2983 | D:4      | Noticed an ogre
  2995 | D:4      | Killed Natasha
  3024 | D:4      | Slain by an ogre

Illustrated notes

Levels and vault maps discovered:
D:1:      ncdulo_wetmaze, layout_basic
D:2:      layout_basic, kennysheep_generic_room_4
D:3:      layout_basic, gammafunk_ghost_split, serial_shops, shop, shop
D:4:      layout_basic, mainiacjoe_overflow_concentric_impassable,
          grunt_temple_overflow_open, saegor_snake_ambush, uniq_natasha,
          uniq_crazy_yiuf_cottage

Skill      XL: |  1  2  3  4 |
---------------+-------------+-----
Stealth        | 2 |  2.5
Dodging        | 2 |  2.5
Fighting       | 1 |  1.6
Armour         | 1 |  1.3
Long Blades    | 1 |  1.2
Spellcasting   | |  2.6
Necromancy     | |  4.9

Action                     |  1- 3 |  4- 6 || total
---------------------------+-------+-------++-------
  Melee: Dagger            |     6 |       ||     6
         Unarmed           |     1 |       ||     1
         Kick              |     2 |       ||     2
         Short sword       |     7 |    21 ||    28
   Cast: Necrotise         |    52 |    37 ||    89
   Stab: Sleeping          |     1 |       ||     1
 Armour: Leather armour    |     3 |       ||     3
         Scale mail        |       |    22 ||    22
  Dodge: Dodged            |    10 |    19 ||    29
